 Dungeon Crawl Stone Soup version 0.30.1-11-g7821555f0a (webtiles) character file.

Game seed: 5158145706278897781

6701 booth the Grappler (level 10, -1/100 HPs)
             Began as a Troll Fighter on Nov 26, 2023.
             Was a Believer of Trog.
             Slain by a seven-headed hydra (10 damage)
             ... on level 9 of the Dungeon.
             The game lasted 00:46:54 (7225 turns).

booth the Grappler (Troll Fighter)                  Turns: 7225, Time: 00:46:54

Health: -1/100     AC: 16    Str: 24    XL:     10   Next: 74%
Magic:  9/9        EV:  7    Int:  6    God:    Trog [**....]
Gold:   457        SH:  9    Dex: 11    Spells: 9/9 levels left

rFire   . . .        A - +1 whip (flame)
rCold   . . .        b - +0 kite shield
rNeg    + . .        f - +0 pearl dragon scales
rPois   +            (helmet restricted)
rElec   .            (no cloak)
rCorr   .            (gloves unavailable)
SInv    .            (boots unavailable)
Will    .....        (no amulet) Stlth
                     n - +4 ring of protection
HPRegen 1.16/turn    v - ring of poison resistance
MPRegen 0.11/turn

%: no passive effects
@: no status effects
A: large, unfitting armour, claws 3, regeneration 1, shaggy fur 1, tough skin 1,
weak 1
a: Renounce Religion, Berserk, Trog's Hand


You were on level 9 of the Dungeon.
You worshipped Trog.
Trog was pleased with you.
You visited 2 branches of the dungeon, and saw 10 of its levels.

You collected 457 gold pieces.

Inventory:

Hand Weapons
 h - a +0 war axe
 p - a +0 giant club of flaming
 s - a +3 mace of holy wrath
 A - a +1 whip of flaming (weapon)
Missiles
 d - 5 throwing nets
 w - 2 boomerangs (quivered)
 G - 2 poisoned darts
Armour
 a - a +0 robe
 b - a +0 kite shield (worn)
 f - +0 pearl dragon scales (worn)
Jewellery
 n - a +4 ring of protection (left claw)
 v - a ring of poison resistance (right claw)
Wands
 x - a wand of polymorph (10)
 C - a wand of digging (4)
Scrolls
 c - a scroll of immolation
 e - 4 scrolls of teleportation
 l - a scroll of fog
 m - a scroll of amnesia
 o - a scroll of fear {unknown}
 q - a scroll of brand weapon
 r - 3 scrolls of magic mapping
 y - a scroll of torment
 B - 2 scrolls of poison
Potions
 g - 3 potions of attraction
 i - 4 potions of brilliance
 j - 2 potions of flight
 k - 4 potions of curing
 t - a potion of cancellation
 u - a potion of heal wounds
 z - 3 potions of haste
 D - 2 potions of might
 E - a potion of resistance {unknown}
 F - a potion of lignification


   Skills:
 + Level 6.5 Fighting
 + Level 2.6 Maces & Flails
 + Level 6.3 Throwing
 - Level 2.7 Dodging
 + Level 7.2 Shields
 * Level 10.4 Unarmed Combat


You had 9 spell levels left.
You didn't know any spells.
Your spell library contained the following spells:

 Spells                   Type           Power      Damage    Failure   Level
 Sandblast                Erth           0%         2d4       97%         1
 Passwall                 Tmut/Erth      0%         N/A       99%         2
 Scorch                   Fire           0%         2d5       99%         2
 Hailstorm                Conj/Ice       0%         3d3       100%        3
 Inner Flame              Hex/Fire       0%         N/A       100%        3
 Stone Arrow              Conj/Erth      0%         3d7       100%        3
 Flame Wave               Conj/Fire      0%         2d4       100%        4
 Ice Form                 Ice/Tmut       0%         N/A       100%        4
 Yara's Violent Unravell  Hex/Tmut       0%         3d3       100%        5
 Simulacrum               Ice/Necr       0%         N/A       100%        6
 Summon Cactus Giant      Summ           0%         N/A       100%        6
 Enfeeble                 Hex            0%         N/A       100%        7


Dungeon Overview and Level Annotations

Branches:
Dungeon (9/15)             Temple (1/1) D:7            Lair (0/5) D:8
    Orc: D:9-12

Altars:
Cheibriados
Dithmenos
Elyvilon
Fedhas
Gozag
Hepliaklqana
Kikubaaqudgha
Makhleb
Nemelex Xobeh
Okawaru
Qazlal
Ru
Sif Muna
Trog
Uskayaw
Vehumet
Wu Jian
Xom
Zin
The Shining One

Shops:
D:3 :   D:4 [


Innate Abilities, Weirdness & Mutations

You are too large for most types of armour.
You have claws for hands.
Your natural rate of healing is unusually fast.
You are covered in fur. (AC +1)
You have tough skin. (AC +1)
You are weak. (Str -2)


Message History

The seven-headed hydra closely misses you.
You block the seven-headed hydra's attack.
The seven-headed hydra bites you but does no damage.
You block the seven-headed hydra's attack.
The seven-headed hydra bites you!
The seven-headed hydra bites you but does no damage.
You hit the seven-headed hydra. You burn the seven-headed hydra.
The seven-headed hydra is severely wounded.
The seven-headed hydra bites you but does no damage. x2
The seven-headed hydra bites you. x2
The seven-headed hydra barely misses you.
You block the seven-headed hydra's attack.
The seven-headed hydra bites you but does no damage.
An orc warrior comes into view. It is wielding a +0 war axe.
You hit the seven-headed hydra. You burn the seven-headed hydra.
The seven-headed hydra is severely wounded.
The seven-headed hydra bites you but does no damage.
You block the seven-headed hydra's attack.
The seven-headed hydra bites you!
You block the seven-headed hydra's attack.
The seven-headed hydra bites you.
The seven-headed hydra bites you but does no damage. x2
You barely miss the seven-headed hydra.
The seven-headed hydra is severely wounded.
The seven-headed hydra bites you!
* * * LOW HITPOINT WARNING * * *
You block the seven-headed hydra's attack.
The seven-headed hydra bites you.
* * * LOW HITPOINT WARNING * * *
The seven-headed hydra bites you but does no damage.
The seven-headed hydra bites you.
* * * LOW HITPOINT WARNING * * *
The seven-headed hydra bites you but does no damage.
The seven-headed hydra barely misses you.
You block the seven-headed hydra's attack.
The seven-headed hydra bites you but does no damage.
The seven-headed hydra bites you.
* * * LOW HITPOINT WARNING * * *
The seven-headed hydra bites you!
You die...

#.......###.###.#...#.#
#.......# #.# #.#.#.#
#.......# #.# #...#.#
###.....# #.# ###.#)#
#########.###.###)#.#
## #....##...)...# ##.#
#.#########)###
..#...####.#########)#
.......#o...D@.)))...#
......)o.#############
.......### ..#...# ##.#
##


You could see a seven-headed hydra, an orc warrior and an orc (wandering).

Vanquished Creatures
  A two-headed ogre (D:9)
  Pikel (D:6)
  A troll (D:8)
  Grinder (D:4)
  Prince Ribbit (D:7)
  6 yaks (D:7)
  Eustachio (D:6)
  2 steam dragons
  3 water moccasins
  An orc warrior (D:6)
  2 ice beasts (D:7)
  A sky beast (D:7)
  A black bear (D:5)
  2 ogres
  5 wolves (D:8)
  3 centaurs
  A kobold brigand (D:9)
  2 scorpions (D:6)
  4 bullfrogs
  13 killer bees
  An electric eel (D:8)
  3 jellies
  A quasit (D:8)
  10 orc priests
  2 hounds (D:6)
  A gnoll bouda (D:8)
  A sleepcap (D:5)
  14 orc wizards
  Robin (D:4)
  9 gnolls (D:8)
  5 adders
  A shadow imp (D:4)
  2 white imps
  A worm (D:2)
  3 dart slugs
  44 orcs
  6 endoplasms
  3 giant cockroaches
  8 goblins
  11 hobgoblins
  4 jackals (D:2)
  10 kobolds
  A quokka (D:5)
  7 ball pythons
  4 bats (D:1)
  3 frilled lizards
  A goblin skeleton (D:8)
  A goblin zombie (D:8)
  3 hobgoblin zombies (D:8)
  2 kobold zombies (D:8)
  An orc skeleton (D:8)
  9 rats
225 creatures vanquished.

Notes
Turn   | Place    | Note
-------+----------+-------------------------------------------
     0 | D:1      | booth the Troll Fighter began the quest for the Orb.
     0 | D:1      | Reached XP level 1. HP: 22/22 MP: 0/0
   237 | D:1      | Reached XP level 2. HP: 29/29 MP: 1/1
   760 | D:2      | Reached XP level 3. HP: 34/36 MP: 2/2
  1312 | D:3      | Found a shimmering blue altar of Sif Muna.
  1513 | D:3      | Found Peasinonk's Vocational Training.
  1679 | D:3      | Gained mutation: You are weak. (Str -2) [potion of
                  | mutation]
  1781 | D:4      | Reached XP level 4. HP: 44/44 MP: 3/3
  1802 | D:4      | Noticed Grinder
  1816 | D:4      | Killed Grinder
  1817 | D:4      | Reached skill level 1 in Throwing
  1817 | D:4      | Reached skill level 4 in Unarmed Combat
  1817 | D:4      | Reached XP level 5. HP: 37/53 MP: 4/4
  1817 | D:4      | Reached XP level 6. HP: 43/61 MP: 5/5
  2017 | D:4      | Found Putwoar's Armour Shop.
  2313 | D:4      | Noticed Robin
  2353 | D:4      | Killed Robin
  2446 | D:4      | Found a snail-covered altar of Cheibriados.
  2664 | D:5      | Entered Level 5 of the Dungeon
  2714 | D:5      | Reached XP level 7. HP: 36/67 MP: 6/6
  2824 | D:5      | Reached skill level 5 in Unarmed Combat
  3021 | D:5      | You fall into a shaft and drop 2 floors!
  3022 | D:7      | Noticed a yak
  3022 | D:7      | Noticed a yak
  3027 | D:7      | Killed a yak
  3032 | D:7      | Noticed a yak
  3035 | D:7      | Killed a yak
  3036 | D:7      | Reached skill level 6 in Unarmed Combat
  3036 | D:7      | Reached XP level 8. HP: 78/78 MP: 7/7
  3061 | D:7      | Reached skill level 5 in Shields
  3067 | D:7      | Reached skill level 7 in Unarmed Combat
  3486 | D:5      | Found an opulent altar of Gozag.
  3612 | D:6      | Reached skill level 5 in Fighting
  3612 | D:6      | Reached XP level 9. HP: 84/88 MP: 8/8
  3922 | D:6      | Reached skill level 8 in Unarmed Combat
  4037 | D:6      | Found a large runed translucent door.
  4037 | D:6      | Found a large runed translucent door.
  4074 | D:6      | Noticed Pikel
  4090 | D:6      | Killed Pikel
  4091 | D:6      | Reached skill level 5 in Throwing
  4145 | D:6      | Found an iron altar of Okawaru.
  4153 | D:6      | Found a shadowy altar of Dithmenos.
  4255 | D:6      | Noticed Eustachio
  4270 | D:6      | Killed Eustachio
  4546 | D:7      | Noticed Prince Ribbit
  4551 | D:7      | Killed Prince Ribbit
  4552 | D:7      | Reached skill level 9 in Unarmed Combat
  4672 | D:7      | Found a shimmering altar of Xom.
  4921 | D:7      | Reached XP level 10. HP: 93/98 MP: 9/9
  4986 | D:7      | Found a staircase to the Ecumenical Temple.
  4996 | Temple   | Entered the Ecumenical Temple
  5116 | Temple   | Became a worshipper of Trog the Wrathful
  5529 | D:8      | Found a burning altar of Makhleb.
  5742 | D:8      | Found a glowing golden altar of the Shining One.
  5779 | D:8      | Reached skill level 1 in Maces & Flails
  5894 | D:8      | Reached * piety under Trog
  5982 | D:8      | Found a staircase to the Lair.
  6266 | D:8      | Found a hide-covered altar of Uskayaw.
  6277 | D:8      | Reached skill level 10 in Unarmed Combat
  6285 | D:8      | Reached ** piety under Trog
  6840 | D:9      | Noticed a two-headed ogre
  6848 | D:9      | Killed a two-headed ogre
  7042 | D:9      | Found a sacrificial altar of Ru.
  7204 | D:9      | Noticed a six-headed hydra
  7225 | D:9      | Slain by a seven-headed hydra

Illustrated notes

Levels and vault maps discovered:
D:1:      tarquinn_simple_flora_water_e, layout_basic
D:2:      layout_rooms, fountainhead
D:3:      layout_rooms, nicolae_sif_muna_condensation, nicolae_shop_vocational
D:4:      layout_basic, mainiacjoe_overflow_24_doors, serial_shops, shop,
          uniq_robin, uniq_grinder
D:5:      layout_cave_pools, nicolae_gozag_seed_capital
D:6:      layout_loops_ring, jmf_multi_god_temple2, uniq_pikel, uniq_eustachio
D:7:      layout_loops_ring, amcnicky_altar_gilded,
          minmay_temple_entry_statues_pillars, minivault_5,
          chequers_serial_rivers_micro_d, uniq_prince_ribbit1
D:8:      layout_basic, marbit_many_paths, mainiacjoe_overflow_small_starburst,
          nicolae_tso_besieged_by_evil, erik_lair_island
D:9:      layout_basic, lemuel_doored_altar, david_orc_4
Temple:   nicolae_temple_two_arcs

Skill      XL: |  1  2  3  4  5  6  7  8  9 10 |
---------------+-------------------------------+-----
Shields        | 3 4 5 6 7 |  7.2
Fighting       | 3 4 5 6 |  6.5
Throwing       | 1 2 3 4 5 6 |  6.3
Unarmed Combat | 4 6 7 9 10 | 10.4
Maces & Flails | 2 |  2.6
Dodging        | |  2.7

Action                     |  1- 3 |  4- 6 |  7- 9 | 10-12 || total
---------------------------+-------+-------+-------+-------++-------
  Melee: Unarmed           |   113 |    85 |   247 |   220 ||   665
         Whip              |       |       |       |     7 ||     7
  Throw: Boomerang         |       |       |     3 |    41 ||    44
    Use: Scroll            |     5 |     1 |     5 |    10 ||    21
         Potion            |     1 |     2 |     1 |       ||     4
   Stab: Distracted        |       |       |     1 |       ||     1
 Armour: Pearl dragon scal |    45 |    42 |   125 |   142 ||   354
  Dodge: Dodged            |    28 |    25 |    56 |    67 ||   176
  Block: Kite shield       |    40 |    31 |    90 |   131 ||   292
